 Dungeon Crawl Stone Soup version 0.30.1-9-gdf580d7c3d (webtiles) character file.

Game seed: 5607697414297951642

20 KittyFluff the Trooper (level 2, -3/19 HPs)
             Began as a Gargoyle Berserker on Oct 14, 2023.
             Was a Follower of Trog.
             Slain by Natasha (4 damage)
             ... on level 2 of the Dungeon.
             The game lasted 00:02:14 (688 turns).

KittyFluff the Trooper (Gargoyle Berserker)          Turns: 688, Time: 00:02:15

Health: -3/19      AC:  6    Str: 20    XL:     2   Next: 79%
Magic:  2/2        EV: 12    Int:  7    God:    Trog [*.....]
Gold:   75         SH:  0    Dex:  9    Spells: 1/1 levels left

rFire   . . .        a - +0 mace
rCold   . . .        (no shield)
rNeg    + . .        b - +0 animal skin
rPois   ∞            (no helmet)
rElec   +            (no cloak)
rCorr   .            d - +0 pair of gloves
SInv    .            (no boots)
Will    .....        (no amulet)
Stlth   +            (no ring)
HPRegen 0.23/turn    (no ring)
MPRegen 0.08/turn

%: no passive effects
@: no status effects
A: sickness immunity, AC +2, negative energy resistance 1, electricity
resistance, torment resistance 1, petrification resistance
a: Renounce Religion, Berserk


You were on level 2 of the Dungeon.
You worshipped Trog.
Trog was aware of your devotion.
You visited 1 branch of the dungeon, and saw 2 of its levels.

You collected 75 gold pieces.

Inventory:

Hand Weapons
 a - a +0 mace (weapon)
Missiles
 g - 3 boomerangs (quivered)
 i - 5 poisoned darts
Armour
 b - a +0 animal skin (worn)
 d - a +0 pair of gloves (worn)
Scrolls
 c - a scroll of identify {unknown}
 e - a scroll of brand weapon {unknown}
 f - a scroll of butterflies {unknown}
Potions
 h - a potion of heal wounds {unknown}
 j - a potion of attraction {unknown}


   Skills:
 + Level 3.5 Fighting
 * Level 3.3 Maces & Flails
 * Level 2.7 Armour
 + Level 1.7 Dodging


You had one spell level left.
You didn't know any spells.
Your spell library was empty.

Dungeon Overview and Level Annotations

Branches:
Dungeon (2/15)

Altars:

Annotations:
D:2 Natasha


Innate Abilities, Weirdness & Mutations

You are immune to sickness and miasma.
Your stone body is resilient. (AC +2)
You are immune to poison.
You resist negative energy. (rN+)
You are resistant to electric shocks. (rElec)
You are resistant to unholy torment.
You are immune to petrification.


Message History

Natasha hisses angrily.
Natasha casts a spell at you. The magic dart hits you.
Natasha casts a spell at you. You resist with significant effort.
Natasha howls an incantation.
You feel troubled.
Natasha stares at you and mumbles some strange words.
The magic dart hits you!
Natasha stares at you and mumbles some strange words.
You resist with significant effort. Natasha barely misses you.
You closely miss Natasha.
Natasha mumbles some strange words.
Natasha claws you but does no damage.
You thump Natasha!
Natasha is heavily wounded.
Natasha misses you. The cerulean imp misses you.
You miss Natasha.
Natasha is heavily wounded.
Natasha stares at you and mumbles some strange words.
You resist with significant effort. The cerulean imp barely misses you.
You hit Natasha.
Natasha is severely wounded.
Natasha claws you.
* * * LOW HITPOINT WARNING * * *
The cerulean imp hits you with a +2 spear.
* * * LOW HITPOINT WARNING * * *
You hit Natasha.
Natasha is almost dead.
Natasha misses you.
The cerulean imp hits you with a +2 spear.
* * * LOW HITPOINT WARNING * * *
Natasha casts a spell at you. You resist with significant effort.
You barely miss Natasha.
Natasha is almost dead.
The cerulean imp hits you but does no damage.
Natasha claws you.
You die...

##############
.............#
.............#
...###.h.###..####
......5@.#.......##
....#......#..#...##
...
##...###.......##
................#
##########......#
##...#.# #...#.#
#.###†.# #.#....#


You could see Natasha and a cerulean imp (summoned).

Vanquished Creatures
  A dart slug (D:1)
  4 endoplasms
  A goblin (D:1)
  3 hobgoblins
  2 ball pythons (D:1)
  A frilled lizard (D:1)
  A kobold (D:1)
  4 rats (D:1)
17 creatures vanquished.

Notes
Turn   | Place    | Note
-------+----------+-------------------------------------------
     0 | D:1      | KittyFluff the Gargoyle Berserker began the quest for the
                  | Orb.
     0 | D:1      | Reached XP level 1. HP: 14/14 MP: 1/1
   196 | D:1      | You fall into a shaft and drop 1 floor!
   277 | D:1      | Reached XP level 2. HP: 17/19 MP: 2/2
   386 | D:1      | Found a faded altar of an unknown god.
   677 | D:2      | Noticed Natasha
   688 | D:2      | Slain by Natasha

Illustrated notes

Levels and vault maps discovered:
D:1:      dpeg_arrival_tiny_a, layout_rooms,
          shapermc_ecumenical_altar_notcrosses
D:2:      layout_loops_cross, nicolae_figureground_sparkle, uniq_natasha

Action                     || total
---------------------------++-------
  Melee: Mace              ||    36
 Armour: Animal skin       ||     6
  Dodge: Dodged            ||    22
